 Dungeon Crawl Stone Soup version 0.31-a0-986-g5e6e4ef867 (webtiles) character file.

Game seed: 671953081171515800

7 Firecrotchwizard the Ruffian (level 1, -1/15 HPs)
             Began as a Demonspawn Shapeshifter on Nov 13, 2023.
             Slain by a quokka (5 damage)
             ... on level 1 of the Dungeon.
             The game lasted 00:00:30 (188 turns).

Firecrotchwizard the Ruffian (DsSh)                  Turns: 188, Time: 00:00:31

Health: -1/15      AC:  2    Str: 14    XL:     1   Next: 91%
Magic:  1/1        EV: 12    Int: 11    God:
Gold:   0          SH:  0    Dex: 12    Spells: 0/0 levels left

rFire   . .          .
                       - Unarmed
rCold   . . .        (no shield)
rNeg    . . .        a - +0 animal skin
rPois   .            (helmet currently unavailable)
rElec   .            (cloak currently unavailable)
rCorr   .            (gloves currently unavailable)
SInv    .            (boots currently unavailable)
Will    .....        (no amulet)
Stlth   +            (no ring)
HPRegen 0.22/turn    (no ring)
MPRegen 0.07/turn

%: no passive effects
@: beast-form
A: beast (slay +1)
a: Begin Untransformation


You were on level 1 of the Dungeon.
You were a hulking beast.
You visited 1 branch of the dungeon, and saw 1 of its levels.

Inventory:

Armour
 a - a +0 animal skin (worn)
Talismans
 c - a beast talisman
 d - a flux talisman
Scrolls
 e - a scroll of identify {unknown}
Potions
 b - a potion of lignification


   Skills:
 + Level 1.2 Fighting
 - Level 1.7 Dodging
 * Level 3.0 Unarmed Combat
 + Level 2.8 Shapeshifting


You couldn't memorise any spells.
You didn't know any spells.
Your spell library was empty.

Dungeon Overview and Level Annotations

Branches:
Dungeon (1/15)

Altars:


Message History

The bat is severely wounded.
The bat barely misses you.
A bat is nearby!
The bat hits you but does no damage.
You hit the bat.
You kill the bat!
No target in view!
A hobgoblin comes into view.
The hobgoblin shouts!
A rat comes into view.
The hobgoblin barely misses you.
You punch the hobgoblin!
You kill the hobgoblin!
You closely miss the rat. You punch the rat.
You kill the rat!
A rat comes into view.
You see here a hobgoblin corpse.
You hit the rat.
The rat is severely wounded.
The rat bites you.
You barely miss the rat.
The rat is severely wounded.
The rat bites you but does no damage.
You hit the rat.
You kill the rat!
No target in view!
A bat comes into view.
The bat moves out of view.
A bat is nearby!
You see here a rat corpse.
Found a dagger.
The bat hits you but does no damage.
You hit the bat.
You kill the bat!
No target in view!
There is a stone staircase leading down here.
e - a scroll labelled QUYFFE BUUL
Found a hand axe.
No target in view!
A kobold comes into view. It is wielding a +0 whip.
The kobold shouts!
You see here 13 gold pieces.
Found a dented copper amulet.
No target in view!
No target in view!
You see here 13 gold pieces.
A kobold is nearby!
A frilled lizard comes into view.
The kobold throws a stone.
The stone closely misses you.
Found 3 stones and a smoky dark potion.
The frilled lizard hisses angrily.
You hit the kobold.
The kobold is severely wounded.
A quokka comes into view.
The kobold closely misses you.
You barely miss the kobold.
The kobold is severely wounded.
The kobold barely misses you.
An endoplasm comes into view.
The endoplasm quivers.
You hit the kobold.
You kill the kobold!
The frilled lizard misses you.
You hit the frilled lizard.
You kill the frilled lizard!
The endoplasm jiggles.
Your Unarmed Combat skill increases to level 3!
There are monsters nearby!
The quokka bites you but does no damage.
You barely miss the quokka.
The quokka bites you but does no damage.
The endoplasm hits you.
You hit the quokka.
The quokka is severely wounded.
The quokka misses you. The endoplasm closely misses you.
You closely miss the quokka.
The quokka is heavily wounded.
The quokka barely misses you.
You barely miss the quokka.
The quokka is heavily wounded.
The quokka bites you. The endoplasm hits you.
You closely miss the quokka.
The quokka is heavily wounded.
The quokka misses you. The endoplasm completely misses you.
The quokka bites you.
You hit the quokka.
The quokka is almost dead.
The endoplasm hits you. The quokka barely misses you.
You barely miss the quokka.
The quokka is almost dead.
The endoplasm misses you. The quokka closely misses you.
You hit the quokka but do no damage.
The quokka is almost dead.
The endoplasm freezes you.
You are frozen.
* * * LOW HITPOINT WARNING * * *
The quokka twitches its whiskers.
The quokka closely misses you. The quokka attacks as it pursues you!
The quokka barely misses you. The quokka bites you.
You die...

........######...#.....
........######.).#.....
............##...#.....
#.#.........##.........
# #.........###.#####..
#.#.........#..........
+......$...............
##......)...#.#.....#..
###.###h.....#.. #.....
......#r#)...## # #.....
.......J........#.#...†.
.............#.##.......
##.."........#+#####....
#(............ #....
##............! ......
.......................
........................


You could see an endoplasm and a quokka.

Vanquished Creatures
  A hobgoblin (D:1)
  A kobold (D:1)
  2 bats (D:1)
  A frilled lizard (D:1)
  3 rats (D:1)
8 creatures vanquished.

Notes
Turn   | Place    | Note
-------+----------+-------------------------------------------
     0 | D:1      | Firecrotchwizard the Demonspawn Shapeshifter began the
                  | quest for the Orb.
     0 | D:1      | Reached XP level 1. HP: 15/15 MP: 1/1
   178 | D:1      | Reached skill level 3 in Unarmed Combat
   188 | D:1      | Slain by a quokka

Illustrated notes

Levels and vault maps discovered:
D:1:      nzn_arrival_depleted_hourglass, layout_basic,
          hellmonk_ecumenical_altar_run_dry, serial_shops, shop

Skill      XL: |  1 |
---------------+----+-----
Unarmed Combat | 3 |  3.0
Fighting       | |  1.2
Dodging        | |  1.7
Shapeshifting  | |  2.8

Action                     || total
---------------------------++-------
  Melee: Unarmed           ||    23
         Punch             ||     1
 Armour: Animal skin       ||    14
  Dodge: Dodged            ||    18

Table legend: (Time is in decaauts)
 A = Elapsed time spent in this place.
 B = Non-inter-level travel time spent in this place.
 C = Inter-level travel time spent in this place.
 D = Time resting spent in this place.
 E = Time spent auto-exploring this place.
 F = Levels seen in this place.
 G = Mean time per level.
                   A        B        C        D        E       F      G
               +--------+--------+--------+--------+--------+-----+--------+
         Total |    186 |    186 |      0 |      0 |    137 |   1 |  186.0 |
       Dungeon |    186 |    186 |      0 |      0 |    137 |   1 |  186.0 |
               +--------+--------+--------+--------+--------+-----+--------+

Top non-repeatable levels by time:
     D:1: 186 daAuts
